 Dungeon Crawl Stone Soup version 0.27-a0-1500-g450c7e4133 (webtiles) character file.

Game seed: 6840675930314257028

691504 hatdisgam the Sniper (level 27, -6/216 HPs)
             Began as a Formicid Fighter on July 5, 2021.
             Was a Priest of Cheibriados.
             Mangled by an apis (26 damage)
             ... in Pandemonium on July 7, 2021.
             The game lasted 03:10:20 (94705 turns).

hatdisgam the Sniper (Formicid Fighter)            Turns: 94705, Time: 03:10:21

Health: -6/216     AC: 23    Str: 40    XL:     27
Magic:  28/32      EV: 24    Int: 29    God:    Cheibriados [***...]
Gold:   3149       SH: 17    Dex: 18    Spells: 10/39 levels left

rFire    + + +     SeeInvis +   a - +2 great sword (elec)
rCold    + . .     Faith    .   M - +2 kite shield "Xiabilih" {Contam rPois rCorr Str+3}
rNeg     + . .     Spirit   .   v - +1 chain mail "Kidghibeg" {Slay+5}
rPois    +         Reflect  .   (helmet unavailable)
rElec    +         Harm     .   D - scarf {shadows}
rCorr    +         Rampage  .   h - +2 pair of gloves {archery}
Will     +++++     Clarity  +   W - +2 pair of boots
Stlth    ..........             o - amulet of the Four Winds {rN+ Will+++ Clar}
HPRegen  0.46/turn              d - ring "Joiclor" {rF++ rC+ Str+6}
MPRegen  0.23/turn              K - ring of Xabowu Baih {rElec rF+ EV+4 Slay+3}

@: mighty, glowing, studying 4 skills, very slow
A: permanent stasis, dig shafts and tunnels, antennae 3, four strong arms,
strong-willed 1, shaggy fur 1, strong 1
}: 5/15 runes: decaying, serpentine, slimy, silver, abyssal
a: Dig, Renounce Religion, Bend Time, Temporal Distortion


You were in Pandemonium.
You worshipped Cheibriados.
Cheibriados was most pleased with you.
You visited 12 branches of the dungeon, and saw 54 of its levels.
You visited Pandemonium 1 time, and saw 1 of its levels.
You visited the Abyss 2 times.
You visited 1 bazaar.
You also visited: Trove, Gauntlet and Ice Cave.

You collected 9997 gold pieces.
You spent 6848 gold pieces at shops.

Inventory:

Hand Weapons
 a - a +2 great sword of electrocution (weapon)
 b - the +9 heavy crossbow "Sniper" {vorpal, Acc+∞ SInv}
   (You took it off a death knight on level 13 of the Dungeon)

   Any bolt fired from it inflicts extra damage.
   SInv:      It lets you see invisible.
 i - a +2 vorpal triple crossbow
Missiles
 G - 988 bolts
 N - 3 throwing nets
 Z - 9 atropa-tipped darts
Armour
 h - a +2 pair of gloves of archery (worn)
 k - a +1 tower shield of reflection
 v - the +1 chain mail "Kidghibeg" (worn) {Slay+5}
   (You found it on level 5 of the Vaults)

   Slay:      It affects your accuracy & damage with ranged weapons and melee
   (+5).
 D - a scarf of shadows (worn)
 M - the +2 kite shield "Xiabilih" (worn) {Contam rPois rCorr Str+3}
   (You found it on level 8 of the Dungeon)

   Str:       It affects your strength (+3).
   rPois:     It protects you from poison.
   Contam:    It causes magical contamination when unequipped.
   rCorr:     It protects you from acid and corrosion.
 W - a +2 pair of boots (worn)
Jewellery
 c - the amulet "Ylizedaz" {RegenMP rElec rC+ Will+}
   (You acquired it in Pandemonium)

   [amulet of magic regeneration]

   It increases your rate of magic regeneration.
   rC:        It protects you from cold.
   rElec:     It insulates you from electricity.
   Will:      It increases your willpower.
 d - the ring "Joiclor" (left hand) {rF++ rC+ Str+6}
   (You found it on level 5 of the Lair of Beasts)

   [ring of strength]

   Str:       It affects your strength (+6).
   rF:        It greatly protects you from fire.
   rC:        It protects you from cold.
 m - the ring of Free Will {Wiz rPois Will+}
   (You found it in a treasure trove)

   [ring of wizardry]

   It improves your spell success rate.
   rPois:     It protects you from poison.
   Will:      It increases your willpower.
 o - the amulet of the Four Winds (around neck) {rN+ Will+++ Clar}
   (You bought it in a shop on level 3 of the Snake Pit)

   [amulet of nothing]

   rN:        It protects you from negative energy.
   Clar:      It protects you against confusion.
   Will:      It greatly increases your willpower.
 z - the ring of Miracles {Fly rElec Will+ Dex+3}
   (You acquired it on level 4 of the Pits of Slime)

   [ring of willpower]

   Dex:       It affects your dexterity (+3).
   rElec:     It insulates you from electricity.
   Fly:       It grants you flight.
   Will:      It increases your willpower.
 I - the ring "Sukhid" {rF+ Will+ rCorr}
   (You acquired it on level 4 of the Pits of Slime)

   [ring of willpower]

   rF:        It protects you from fire.
   rCorr:     It protects you from acid and corrosion.
   Will:      It increases your willpower.
 K - the ring of Xabowu Baih (right hand) {rElec rF+ EV+4 Slay+3}
   (You acquired it on level 6 of the Lair of Beasts)

   [ring of evasion]

   EV:        It affects your evasion (+4).
   Slay:      It affects your accuracy & damage with ranged weapons and melee
   (+3).
   rF:        It protects you from fire.
   rElec:     It insulates you from electricity.
 P - a ring of positive energy
 V - the ring of Reimbursement {rElec rPois rN+++ Will- rCorr Int-4}
   (You took it off a deep elf high priest on level 3 of the Elven Halls)

   [ring of poison resistance]

   Int:       It affects your intelligence (-4).
   rElec:     It insulates you from electricity.
   rPois:     It protects you from poison.
   rN:        It renders you almost immune to negative energy.
   rCorr:     It protects you from acid and corrosion.
   Will:      It decreases your willpower.
Wands
 u - a wand of iceblast (115)
 w - a wand of digging (51)
 B - a wand of acid (25)
Scrolls
 n - 12 scrolls of amnesia
 p - 7 scrolls of fog
 x - 10 scrolls of immolation
 A - 5 scrolls of magic mapping
 J - 12 scrolls of enchant armour
 Q - 2 scrolls of brand weapon
 R - 2 scrolls of summoning
 T - 10 scrolls of fear
 U - 17 scrolls of enchant weapon
Potions
 f - 6 potions of mutation
 g - 3 potions of invisibility
 j - 4 potions of magic
 l - 5 potions of resistance
 r - 4 potions of lignification
 C - 14 potions of brilliance
 E - 13 potions of attraction
 F - 4 potions of might
 H - 10 potions of curing
 S - 2 potions of flight
 Y - 7 potions of cancellation
Miscellaneous
 e - a condenser vane (inert)
 q - a phantom mirror (inert)
 s - a box of beasts (inert)
 y - a phial of floods (inert)
 L - a box of beasts (inert)
 O - a lightning rod (4/4)
 X - a tin of tremorstones (2/2)


   Skills:
 - Level 17.7 Fighting
 - Level 20.0 Long Blades
 * Level 25.2 Crossbows
 - Level 17.2 Armour
 - Level 17.8 Dodging
 + Level 11.3 Shields
 - Level 6.6 Spellcasting
 - Level 6.0 Hexes
 - Level 1.1 Summonings
 - Level 4.5 Translocations
 + Level 9.4 Transmutations
 - Level 0.8 Ice Magic
 - Level 9.7 Air Magic
 + Level 13.1 Earth Magic
 - Level 12.7 Invocations
 - Level 13.1 Evocations


You had 10 spell levels left.
You knew the following spells:

 Your Spells              Type           Power      Damage    Failure   Level
a - Freeze                Ice            56%        1d7       9%          1
b - Shadow Creatures      Summ           N/A        N/A       100%        6
c - Maxwell's Capacitive  Air            30%        ∞         100%        8
d - Statue Form           Tmut/Erth      44%        N/A       19%         6
e - Portal Projectile     Hex/Tloc       80%        N/A       4%          3
f - Sublimation of Blood  Necr           4%         N/A       19%         2
g - Mephitic Cloud        Conj/Pois/Air  28%        N/A       10%         3

Your spell library contained the following spells:

 Spells                   Type           Power      Damage    Failure   Level
 Apportation              Tloc           70%        N/A       1%          1
 Beastly Appendage        Tmut           100%       N/A       1%          1
 Corona                   Hex            48%        N/A       1%          1
 Shock                    Conj/Air       100%       1d9       1%          1
 Passwall                 Tmut/Erth      55%        N/A       1%          2
 Slow                     Hex            44%        N/A       1%          2
 Wereblood                Tmut           59%        N/A       1%          2
 Petrify                  Tmut/Erth      66%        N/A       1%          4
 Corpse Rot               Necr/Air       N/A        N/A       2%          2
 Poisonous Vapours        Pois/Air       74%        N/A       2%          2
 Static Discharge         Conj/Air       37%        N/A       2%          2
 Stone Arrow              Conj/Erth      94%        3d12      2%          3
 Airstrike                Air            30%        N/A       2%          4
 Leda's Liquefaction      Hex/Erth       30%        N/A       2%          4
 Confusing Touch          Hex            44%        N/A       3%          3
 Tukima's Dance           Hex            44%        N/A       3%          3
 Ensorcelled Hibernation  Hex/Ice        58%        N/A       4%          2
 Gell's Gravitas          Tloc           17%        N/A       5%          3
 Lesser Beckoning         Tloc           17%        N/A       5%          3
 Spider Form              Tmut/Pois      18%        N/A       5%          3
 Teleport Other           Tloc           35%        N/A       5%          3
 Summon Small Mammal      Summ           64%        N/A       8%          1
 Summon Guardian Golem    Hex/Summ       30%        N/A       9%          3
 Ignite Poison            Fire/Tmut/Pois 27%        N/A       10%         3
 Animate Skeleton         Necr           18%        N/A       12%         1
 Magic Dart               Conj           36%        1d4       12%         1
 Pain                     Necr           36%        1d5       12%         1
 Summon Lightning Spire   Summ/Air       41%        N/A       13%         4
 Silence                  Hex/Air        26%        N/A       13%         5
 Ice Form                 Ice/Tmut       39%        N/A       14%         4
 Searing Ray              Conj           18%        3d3       19%         2
 Passage of Golubria      Tloc           N/A        N/A       19%         4
 Call Canine Familiar     Summ           16%        N/A       22%         3
 Borgnjor's Vile Clutch   Necr/Erth      23%        N/A       22%         5
 Frozen Ramparts          Ice            28%        1d4       26%         3
 Ozocubu's Armour         Ice            14%        N/A       26%         3
 Fulminant Prism          Conj/Hex       13%        3d9       34%         4
 Conjure Flame            Conj/Fire      9%         6-21      36%         3
 Vampiric Draining        Necr           4%         2d6       36%         3
 Lightning Bolt           Conj/Air       18%        1d33      41%         5
 Iskenderun's Mystic Bla  Conj/Tloc      22%        2d6       43%         4
 Alistair's Intoxication  Tmut/Pois      24%        N/A       43%         5
 Irradiate                Conj/Tmut      18%        3d19      43%         5
 Manifold Assault         Tloc           35%        N/A       45%         5
 Bolt of Magma            Conj/Fire/Erth 17%        4d9       50%         5
 Summon Ice Beast         Ice/Summ       15%        N/A       61%         4
 Freezing Cloud           Conj/Ice/Air   15%        6-21      61%         5
 Summon Mana Viper        Hex/Summ       30%        N/A       61%         5
 Metabolic Englaciation   Hex/Ice        14%        N/A       63%         5
 Hailstorm                Conj/Ice       12%        3d5       69%         4
 Summon Forest            Summ/Tloc      13%        N/A       71%         5
 Dispel Undead            Necr           9%         3d8       77%         4
 Olgreb's Toxic Radiance  Pois           9%         N/A       77%         4
 Sticky Flame             Conj/Fire      9%         2d3       77%         4
 Iron Shot                Conj/Erth      23%        9d5       77%         6
 Invisibility             Hex            22%        N/A       85%         6
 Storm Form               Tmut/Air       30%        N/A       90%         7
 Eringya's Noxious Bog    Tmut/Pois      18%        N/A       95%         6
 Dispersal                Tloc           17%        N/A       96%         6
 Agony                    Necr           9%         N/A       98%         5
 Excruciating Wounds      Necr           4%         N/A       98%         5
 Death Channel            Necr           4%         N/A       100%        6
 Simulacrum               Ice/Necr       6%         N/A       100%        6
 Monstrous Menagerie      Summ           8%         N/A       100%        7
 Orb of Destruction       Conj           4%         9d2       100%        7
 Ozocubu's Refrigeration  Ice            7%         4d6       100%        7
 Spellforged Servitor     Conj/Summ      6%         N/A       100%        7
 Summon Hydra             Summ           8%         N/A       100%        7
 Disjunction              Tloc           17%        N/A       100%        8
 Ignition                 Fire           4%         3d4       100%        8
 Lehudib's Crystal Spear  Conj/Erth      23%        10d7      100%        8
 Summon Horrible Things   Summ           8%         N/A       100%        8
 Chain Lightning          Conj/Air       18%        3d24      100%        9
 Fire Storm               Conj/Fire      4%         8d1       100%        9
 Shatter                  Erth           35%        3d28*     100%        9
 Swiftness                Air            Unusable   N/A       N/A         3
 Blink                    Tloc           Unusable   N/A       N/A         2

Dungeon Overview and Level Annotations

Branches:
Dungeon (15/15)            Temple (1/1) D:4            Lair (6/6) D:11
  Swamp (4/4) Lair:2        Snake (4/4) Lair:4        Slime (5/5) Lair:6
    Orc (2/2) D:9             Elf (3/3) Orc:2        Vaults (5/5) D:14
  Crypt (3/3) Vaults:2       Tomb (0/3) Crypt:3      Depths (5/5) D:15
   Hell (visited)             Dis (0/7) Hell            Geh (0/7) Hell
    Coc (0/7) Hell            Tar (0/7) Hell            Zot (0/5) Depths:5
  IceCv (visited)         Gauntlet (visited)

Altars:
Ashenzari
Cheibriados
Dithmenos
Elyvilon
Fedhas
Gozag
Hepliaklqana
Kikubaaqudgha
Makhleb
Nemelex Xobeh
Okawaru
Qazlal
Ru
Sif Muna
Trog
Uskayaw
Vehumet
Wu Jian
Xom
Yredelemnul
Zin
The Shining One
Beogh
Jiyva

Shops:
D:2 (::[?   D:8 (   D:11 =*!!   Orc:2 !=[([   Elf:1 (   Elf:2 *   Snake:1 :
Snake:3 [*=   Snake:4 *   Vaults:1 [   Vaults:5 (   Depths:3 :!((
Depths:5 ::*(

Portals:
Hell: Depths:1 Depths:2 Depths:3 Depths:4 Depths:5
Abyss: Depths:4
Pandemonium: Depths:1 Depths:3
Ziggurat: Depths:1

Annotations:
Pan 1 exclusion


Innate Abilities, Weirdness & Mutations

You cannot be hasted, slowed, berserked, paralysed or teleported.
You can dig through walls and to a lower floor.
You have a pair of large antennae on your head. (SInv)
Your four strong arms can wield two-handed weapons with a shield.
You are strong-willed. (Will+)
You are covered in fur. (AC +1)
Your muscles are strong. (Str +2)


Message History

The angel hits you but does no damage. x2; You block the angel's attack.
The angel misses you.
An angel comes into view.
It is wielding a +2 sacred scourge of holy wrath.
The ophan calls forth blessed flames!
You block the apis's attack.
Unknown command.
You feel better.
The angel shouts!
The angel hits you with a +3 whip of holy wrath.
* * * LOW HITPOINT WARNING * * *
The angel completely misses you. The angel closely misses you.
You block the angel's attack. The apis misses you.
The angel closely misses you. The angel hits you but does no damage.
You block the apis's attack.
Unknown command.
You feel better. You block the angel's attack. x2
You block the apis's attack. The angel completely misses you.
The angel hits you but does no damage.
The ophan calls forth blessed flames!
You block the angel's attack. The angel closely misses you. The apis gores you!
* * * LOW HITPOINT WARNING * * *
Unknown command.
Unknown command.
You feel better. You block the angel's attack. The angel barely misses you.
You block the angel's attack.
The angel hits you with a +1 whip of holy wrath.
* * * LOW HITPOINT WARNING * * *
The apis gores you!
* * * LOW HITPOINT WARNING * * *
The ophan calls forth blessed flames!
You block the angel's attack. The angel hits you but does no damage.
The apis barely misses you.
Unknown command.
You feel better. The angel hits you but does no damage.
The angel completely misses you. The apis gores you but does no damage.
You block the angel's attack. x3
The angel hits you with a +1 whip of holy wrath!
* * * LOW HITPOINT WARNING * * *
The apis gores you!!
You die...

* ****** *****,,,,≈ ###
**,,,,,,,,* ..##### *,,,,,,,,**
......##### *,,,,,,,**
#∩........#### **,,,,,** *
......#......####### ******* *
####..........AG@YY######### *
.#.#)#.....###GAYA§........######
...'......##*#§YYA§(..(.((......#
.#.#.#)..####.§○§§§.)((..........
####.))...##....8(......8.....###
....†.#............)..[........##
#...............8..(..(.8......##
......................)(........#
..####/.........8.....((8........


You could see 5 apis, 4 angels and 2 ophanim.

Vanquished Creatures
  the Royal Jelly (Slime:5)
  3 dread liches
  2 ancient liches
  Mara (Depths:1)
  Vashnia (Snake:4)
  A shard shrike (IceCv)
  Frederick (Vaults:5)
  Bai Suzhen (Snake:2)
  Margery (Vaults:2)
  Geryon (Hell)
  A curse toe (Crypt:3)
  Xtahua (Crypt:2)
  A profane servitor (Abyss:3)
  4 bone dragons
  A Brimstone Fiend (Depths:3)
  A hellephant (Abyss:3)
  Rupert (Orc:1)
  5 tentacled monstrosities
  14 acid blobs
  2 deep elf blademasters (Elf:2)
  2 titans (Vaults:5)
  Asterion (Vaults:2)
  5 liches
  A deep elf master archer (Elf:3)
  2 Executioners (Depths:3)
  A quicksilver dragon (Vaults:5)
  11 ancient champions (Crypt:3)
  2 tentacled starspawn
  5 sphinxes
  A shadow dragon (shapeshifter) (Vaults:2)
  5 shadow dragons
  Agnes (D:14)
  7 tengu reavers
  2 storm dragons
  4 thorn hunters
  Donald (Swamp:3)
  The ghost of Tuffe the Warrior, an adept FoFi of Okawaru (Snake:2)
  2 fire giants
  6 nagarajas
  6 revenants
  A draconian knight (Depths:5)
  Roxanne (Snake:4)
  8 rockslimes (Slime:5)
  A ghost moth (shapeshifter) (Depths:5)
  A fenstrider witch (shapeshifter) (Vaults:4)
  5 azure jellies
  14 daevas (Pan)
  6 frost giants
  3 iron dragons
  11 deep elf sorcerers
  20 vault wardens
  A draconian scorcher (Depths:5)
  Aizul (Snake:3)
  4 orc warlords
  3 curse skulls
  A cacodemon (Depths:3)
  12 ghouls
  2 draconian shifters (Abyss:3)
  16 angels (Pan)
  3 caustic shrike skeletons (Crypt:3)
  2 balrugs (Abyss:3)
  5 deep elf elementalists (Elf:2)
  19 ironbound preservers
  25 very ugly things
  4 war gargoyles
  3 quicksilver oozes (Slime:5)
  6 reapers
  14 ophanim (Pan)
  15 stone giants
  17 apis (Pan)
  6 vampire knights
  10 deep elf demonologists
  A green draconian (Depths:5)
  12 deep elf annihilators
  A minotaur (Gauntlet)
  The ghost of Cyda Jyj the Martial Artist, a journeyman DsGl of Dithmenos (Lair:3)
  An entropy weaver (Vaults:2)
  6 spark wasps
  5 bunyips
  3 lorocyprocas
  18 dire elephants
  A yellow draconian (Depths:5)
  Azrael (D:14)
  A white draconian (IceCv)
  A purple draconian (Depths:5)
  A crystal guardian (Vaults:1)
  2 eidola
  6 jiangshi
  8 eleionomae
  3 blizzard demons
  6 ettins
  10 yaktaur captains
  9 deep elf death magi
  Josephine (Lair:4)
  8 fire dragons
  6 deep elf high priests
  7 great orbs of eyes
  4 ice dragons
  5 shambling mangroves
  5 boulder beetles
  Erolcha (Orc:2)
  17 naga warriors
  33 vault guards
  2 hell beasts (Depths:3)
  Harold (Orc:1)
  13 ironbound frosthearts
  7 rakshasas
  11 centaur warriors
  5 salamander tyrants (Snake:4)
  12 anacondas
  13 ironbound thunderhulks
  A spriggan air mage (Depths:5)
  2 catoblepae
  5 peacekeepers
  6 ogre magi
  A quicksilver dragon skeleton (Crypt:3)
  15 hydras
  12 two-headed ogres
  18 dancing weapons
  8 deep troll shamans
  5 death knights
  11 alligators
  5 hell hogs (Depths:5)
  10 death yaks
  An orc high priest (Elf:2)
  5 deep troll earth magi
  4 vampire magi
  2 titan zombies
  10 ironbound beastmasters
  5 tengu warriors
  10 naga sharpshooters
  Urug (Lair:4)
  3 spriggan berserkers (Depths:5)
  6 thrashing horrors
  2 storm dragon zombies
  5 shock serpents
  5 titan skeletons (Crypt:3)
  5 soul eaters
  7 spriggans
  20 hell knights
  9 sun demons
  10 iron trolls
  7 salamander mystics (Snake:4)
  A sixfirhy (Gauntlet)
  9 cherubim (Pan)
  17 deep elf knights
  A shadow wraith (Crypt:3)
  31 skeletal warriors
  4 flayed ghosts
  2 sea snakes (Snake:3)
  66 deep trolls
  A golden dragon zombie (D:15)
  A spark wasp zombie (D:15)
  A gelid demonspawn (Depths:1)
  2 spatial maelstroms
  A spriggan druid (Swamp:2)
  16 swamp dragons
  8 bog bodies
  3 goliath frogs
  4 glowing orange brains
  A shadow dragon zombie (D:15)
  An orange crystal statue (IceCv)
  8 naga ritualists
  18 deep elf archers
  The ghost of bilbop the Sneak, a novice KoSu (D:8)
  11 phantasmal warriors
  4 anaconda skeletons
  9 wizards
  13 ironbound convokers
  13 lindwurms
  The ghost of avis the Insei, a novice DgTm (D:6)
  12 necromancers
  5 orc knights
  57 deep elf pyromancers
  39 deep elf zephyrmancers
  12 mana vipers
  7 cyclopes
  56 ugly things
  A fire giant zombie (Vaults:2)
  2 orc sorcerers (Orc:2)
  2 shining eyes
  4 will-o-the-wisps
  A manticore (D:15)
  4 oklob plants (Lair:5)
  9 large abominations
  30 salamanders
  A worldbinder (Abyss:1)
  16 vault sentinels
  3 frost giant skeletons (Crypt:3)
  An apocalypse crab (Depths:4)
  14 elephants
  14 naga magi
  36 black mambas
  12 rust devils
  7 guardian serpents
  A cane toad (shapeshifter) (Abyss:1)
  2 stone giant skeletons (Crypt:3)
  4 fire giant skeletons
  8 smoke demons
  An elephant slug zombie (Crypt:1)
  2 eyes of devastation
  3 molten gargoyles
  A dire elephant skeleton (Crypt:3)
  7 torpor snails (Lair:6)
  11 cane toads
  A pale draconian zombie (Crypt:2)
  3 gargoyles
  A rime drake (shapeshifter) (Elf:2)
  2 elf zombies (Vaults:2)
  A white draconian zombie (Crypt:3)
  A yaktaur (shapeshifter) (Vaults:5)
  2 efreet (Abyss:1)
  17 rime drakes
  3 orange demons
  A tormentor (Hell)
  2 hellions (Hell)
  An unseen horror (D:11)
  3 tengu conjurers
  13 komodo dragons
  A kobold demonologist (D:14)
  6 freezing wraiths
  A demonic crawler (Depths:5)
  A purple draconian skeleton (Crypt:3)
  39 yaktaurs
  3 ice devils
  A queen bee (Gauntlet)
  A sea snake skeleton (Hell)
  5 ancient zymes
  A red devil (Abyss:3)
  A silent spectre (Abyss:3)
  4 meliai (D:14)
  6 trolls
  A raiju (shapeshifter) (Elf:2)
  25 hornets
  A hydra zombie (Hell)
  12 tyrant leeches
  22 polar bears
  4 hydra skeletons
  58 slime creatures
  Grinder (D:3)
  An alligator zombie (Hell)
  10 raiju
  11 dream sheep
  A frost giant simulacrum (Crypt:3)
  12 blink frogs
  A meliai zombie (Crypt:3)
  A stone giant simulacrum (Crypt:3)
  6 flying skulls (Gauntlet)
  3 air elementals (Elf:1)
  2 redbacks (shapeshifter)
  An ice dragon skeleton (Crypt:3)
  Sigmund (D:5)
  2 alligator skeletons (Hell)
  3 shadows
  2 vampires
  13 wraiths
  An ettin skeleton (Crypt:3)
  3 ynoxinuls
  2 spriggans (shapeshifter) (Elf:2)
  3 wyverns
  43 yaks
  A human (shapeshifter) (Vaults:5)
  11 water elementals
  3 fire bats (Depths:5)
  A golden eye (shapeshifter) (D:14)
  3 basilisks
  2 neqoxecs
  A chaos spawn (Abyss:1)
  2 steam dragons
  9 fire elementals
  A hog (shapeshifter) (Elf:1)
  A spatial vortex (Abyss:3)
  A warg (shapeshifter) (Vaults:5)
  3 vampire mosquitoes (Swamp:2)
  Menkaure (D:4)
  A yaktaur simulacrum (Vaults:2)
  45 nagas
  A two-headed ogre zombie (Crypt:3)
  A hydra simulacrum (Hell)
  10 swamp worms
  A gelid demonspawn skeleton (Crypt:3)
  5 wargs
  8 hell hounds
  2 acid dragons
  A floating eye (Depths:5)
  18 water moccasins
  4 sky beasts
  2 hornet zombies
  5 swamp drakes (Swamp:4)
  2 cane toad skeletons (Crypt:3)
  40 orc warriors
  5 black bears
  6 necrophages
  An ettin simulacrum (Abyss:1)
  2 ice beasts
  22 ogres
  10 wolves
  7 boggarts
  17 centaurs
  A snapping turtle skeleton (Hell)
  An elephant skeleton (Crypt:1)
  A phantom (D:7)
  A rime drake skeleton (Crypt:1)
  15 kobold brigands
  10 bullfrogs
  4 earth elementals
  3 scorpions
  A gnoll sergeant (D:12)
  A troll zombie (D:9)
  A wyvern skeleton (D:6)
  10 killer bees
  30 wights
  9 howler monkeys
  5 electric eels
  4 centaur zombies
  3 quasits (Abyss:1)
  20 starcursed masses
  A bullfrog zombie (D:7)
  10 jellies
  25 orc priests
  9 hounds
  A centaur skeleton (D:5)
  2 human skeletons (Crypt:1)
  4 bullfrog skeletons
  6 iguanas
  17 orc wizards
  2 hell rats (Hell)
  A scorpion zombie (Crypt:2)
  5 ogre zombies (D:9)
  6 small abominations
  A dwarf skeleton (Crypt:1)
  A felid skeleton (Crypt:1)
  A hound skeleton (Crypt:3)
  3 howler monkey zombies
  4 gnolls
  A howler monkey skeleton (D:6)
  3 adders
  A shadow imp (D:5)
  A white imp (Abyss:3)
  11 ufetubi
  An iguana zombie (Crypt:2)
  3 worms
  A dart slug (D:1)
  98 orcs
  4 endoplasms
  5 giant cockroaches
  7 goblins
  11 hobgoblins
  5 jackals
  A quokka (D:2)
  6 ball pythons
  2 bats
  4 frilled lizards
  A frilled lizard skeleton (Crypt:2)
  A goblin skeleton (D:9)
  A goblin zombie (D:9)
  3 hobgoblin skeletons (D:9)
  6 hobgoblin zombies
  A jackal zombie (Crypt:2)
  16 kobolds
  An orc skeleton (D:9)
  9 orc zombies (D:9)
  9 rats
  A briar patch (Swamp:4)
  A plant (Lair:6)
2504 creatures vanquished.

Vanquished Creatures (collateral kills)
  An ophan (Pan)
  A wolf spider zombie (Hell)
  3 spatial vortices
  An ogre (Depths:4)
6 creatures vanquished.

Vanquished Creatures (others)
  A hell hog (Depths:5)
  A wizard (D:3)
  A deep elf pyromancer (Elf:3)
  A deep elf zephyrmancer (Elf:3)
  A salamander (Snake:3)
  A blink frog (Lair:6)
  A vampire mosquito (D:14)
  A naga (Snake:1)
  A human skeleton (Crypt:3)
  5 hell rats
  An orc (Orc:2)
  30 foxfires
  53 fungi
  96 plants
  7 starspawn tentacles (Abyss:2)
  2 withered plants (Snake:2)
203 creatures vanquished.

Grand Total: 2713 creatures vanquished

Notes
Turn   | Place    | Note
-------+----------+-------------------------------------------
     0 | D:1      | hatdisgam the Formicid Fighter began the quest for the Orb.
     0 | D:1      | Reached XP level 1. HP: 18/18 MP: 1/1
   169 | D:1      | Reached XP level 2. HP: 23/24 MP: 2/2
   376 | D:1      | Reached XP level 3. HP: 26/29 MP: 3/3
   428 | D:1      | Found a faded altar of an unknown god.
   829 | D:2      | Found Lystapreje's Book Shop.
   929 | D:2      | Found an ancient bone altar of Kikubaaqudgha.
   934 | D:2      | Found Yhummatz's Magic Scroll Emporium.
   946 | D:2      | Found Huat's Armour Shoppe.
  1080 | D:2      | Reached XP level 4. HP: 30/35 MP: 4/4
  1408 | D:2      | Found Zaoqug's Book Shoppe.
  1474 | D:2      | Found Pevaytih's Weapon Boutique.
  2006 | D:3      | Reached XP level 5. HP: 38/41 MP: 5/5
  2181 | D:3      | Found a basalt altar of Yredelemnul.
  2245 | D:3      | Noticed Grinder
  2253 | D:3      | Killed Grinder
  2254 | D:3      | Reached skill level 5 in Long Blades
  2254 | D:3      | Reached XP level 6. HP: 42/47 MP: 6/6
  2373 | D:3      | Found a white marble altar of Elyvilon.
  2606 | D:3      | Found a bloodstained altar of Trog.
  2607 | D:3      | Noticed a wizard
  2613 | D:3      | Killed a wizard
  2658 | D:4      | Found a staircase to the Ecumenical Temple.
  2761 | Temple   | Entered the Ecumenical Temple
  2877 | Temple   | Became a worshipper of Cheibriados the Contemplative
  2930 | D:4      | Noticed an ogre
  2938 | D:4      | Killed an ogre
  2939 | D:4      | Reached XP level 7. HP: 14/52 MP: 7/7
  3227 | D:4      | Noticed Menkaure
  3235 | D:4      | Killed Menkaure
  3632 | D:4      | Reached * piety under Cheibriados
  3755 | D:4      | Found a broken altar of Ashenzari.
  3782 | D:4      | Reached XP level 8. HP: 51/58 MP: 8/8
  4128 | D:4      | Found a sacrificial altar of Ru.
  4384 | D:5      | Entered Level 5 of the Dungeon
  5246 | D:5      | Reached ** piety under Cheibriados
  5258 | D:5      | Reached skill level 5 in Fighting
  5562 | D:5      | Noticed Sigmund
  5576 | D:5      | Killed Sigmund
  5577 | D:5      | Reached XP level 9. HP: 31/68 MP: 9/9
  5868 | D:5      | Found a blossoming altar of Fedhas.
  6383 | D:6      | Found a runed translucent gate.
  6384 | D:6      | Found a runed translucent gate.
  6385 | D:6      | Found a runed translucent gate.
  6388 | D:6      | Noticed avis's ghost (novice DgTm)
  6446 | D:6      | Reached skill level 10 in Long Blades
  6446 | D:6      | Reached skill level 5 in Armour
  6730 | D:6      | Reached *** piety under Cheibriados
  7431 | D:6      | Reached XP level 10. HP: 74/74 MP: 10/10
  7431 | D:6      | Noticed a boulder beetle
  7442 | D:7      | You fall into a shaft and drop 2 floors!
  7663 | D:9      | Reached **** piety under Cheibriados
  7722 | D:9      | Found a staircase to the Orcish Mines.
  8303 | D:9      | Reached skill level 1 in Invocations
  9425 | D:6      | You fall into a shaft and drop 2 floors!
  9838 | D:7      | Reached ***** piety under Cheibriados
  9904 | D:7      | Found a hide-covered altar of Uskayaw.
 10083 | D:7      | Reached skill level 5 in Shields
 10124 | D:7      | Found an opulent altar of Gozag.
 10253 | D:7      | Found a burning altar of Makhleb.
 10503 | D:8      | Reached XP level 11. HP: 79/79 MP: 13/13
 10509 | D:8      | Found a shadowy altar of Dithmenos.
 10528 | D:8      | Identified a scroll of acquirement
 10529 | D:8      | Acquired a +2 tower shield of protection
 10639 | D:8      | Found a shimmering blue altar of Sif Muna.
 10696 | D:8      | Noticed bilbop's ghost (novice KoSu)
 10698 | D:8      | Found a runed translucent door.
 10732 | D:8      | Found Gysem's Weapon Emporium.
 11061 | D:8      | Identified the +2 kite shield "Xiabilih" {Contam rPois
                  | rCorr Str+3}
 11292 | D:9      | Learned a level 1 spell: Freeze
 11577 | D:9      | Found a radiant altar of Vehumet.
 11829 | D:10     | Entered Level 10 of the Dungeon
 11976 | D:2      | Bought the +1 plate armour of the Grue {Slay+2} for 520
                  | gold pieces
 12362 | D:10     | You fall into a shaft and drop 1 floor!
 12365 | D:11     | Reached skill level 1 in Spellcasting
 12379 | D:11     | Reached skill level 5 in Invocations
 12472 | D:11     | Noticed a deep elf pyromancer
 12483 | D:11     | Found a staircase to the Lair.
 12703 | D:11     | Killed a deep elf pyromancer
 12818 | D:11     | Found Sigepsikh's Distillery.
 12827 | D:11     | Bought a potion of heal wounds for 60 gold pieces
 12831 | D:11     | Found Qazeikha's General Store.
 13012 | D:10     | Found a glowing golden altar of the Shining One.
 13121 | D:10     | Reached ****** piety under Cheibriados
 13273 | D:10     | Identified the +4 scale mail of Samumpiu {rF++}
 13747 | D:11     | Found Yschat's Jewellery Emporium.
 13933 | D:11     | Found Jeubb's Distillery.
 14039 | D:11     | Bought a potion of heal wounds for 50 gold pieces
 14247 | D:11     | Reached XP level 12. HP: 75/86 MP: 16/16
 14400 | Lair:1   | Entered Level 1 of the Lair of Beasts
 15092 | Lair:1   | Acquired a manual of Armour
 15504 | Lair:2   | Found a staircase to the Swamp.
 16511 | Lair:3   | Reached skill level 5 in Dodging
 17004 | Lair:3   | Reached XP level 13. HP: 81/96 MP: 19/19
 17330 | Lair:3   | Found a runed translucent gate.
 17331 | Lair:3   | Found a runed translucent gate.
 17331 | Lair:3   | Found a runed translucent gate.
 17333 | Lair:3   | Noticed Cyda Jyj's ghost (journeyman DsGl)
 17334 | Lair:3   | Found a viscous altar of Jiyva.
 17695 | Lair:4   | Noticed Josephine
 17712 | Lair:4   | Killed Josephine
 17732 | Lair:4   | Reached skill level 10 in Invocations
 17823 | Lair:4   | Found a staircase to the Snake Pit.
 17902 | Lair:4   | Noticed Urug
 17914 | Lair:4   | Killed Urug
 17948 | Lair:4   | Noticed a six-headed hydra
 17961 | Lair:4   | Killed a six-headed hydra
 17962 | Lair:4   | Reached skill level 10 in Armour
 18487 | Lair:5   | Identified the +3 broad axe of Plog {antimagic, Dex+2}
 18513 | Lair:5   | Noticed a four-headed hydra
 18532 | Lair:5   | Killed a four-headed hydra
 18986 | Lair:5   | Reached XP level 14. HP: 92/108 MP: 22/22
 20373 | Lair:5   | Identified the ring "Joiclor" {rF++ rC+ Str+6}
 20639 | Lair:6   | Entered Level 6 of the Lair of Beasts
 20943 | Lair:6   | Found a runed translucent door.
 20952 | Lair:6   | Acquired the ring of Xabowu Baih {rElec rF+ EV+4 Slay+3}
 20995 | Lair:6   | Reached skill level 10 in Fighting
 21212 | Lair:6   | Found a staircase to the Slime Pits.
 21491 | Lair:6   | Reached XP level 15. HP: 117/117 MP: 24/24
 22107 | Lair:6   | Learned a level 6 spell: Shadow Creatures
 22187 | Lair:6   | Reached skill level 1 in Summonings
 22625 | Orc:1    | Entered Level 1 of the Orcish Mines
 22656 | Orc:1    | Reached skill level 1 in Evocations
 22716 | Orc:1    | You fall into a shaft and drop 1 floor!
 22716 | Orc:2    | Entered Level 2 of the Orcish Mines
 22720 | Orc:2    | Reached skill level 10 in Dodging
 22741 | Orc:2    | Found a gate leading to a gauntlet.
 22755 | Gauntlet | Entered a Gauntlet
 22755 | Gauntlet | Found a transporter.
 22755 | Gauntlet | Found a transporter.
 22764 | Gauntlet | Found a transporter.
 22767 | Gauntlet | Found a transporter.
 22775 | Gauntlet | Found a transporter.
 22779 | Gauntlet | Found a transporter.
 22787 | Gauntlet | Found a transporter.
 22804 | Gauntlet | Found a transporter.
 22819 | Gauntlet | Found a transporter.
 22823 | Gauntlet | Found a transporter.
 22824 | Gauntlet | Found a runed translucent door.
 22834 | Gauntlet | Found a transporter.
 22835 | Gauntlet | Found a transporter.
 22959 | Gauntlet | Identified the ring of Suicy {rF+ Dex+9 SInv}
 22999 | Gauntlet | Identified the ring "Wodwazusch" {*Corrode rElec rPois rF+
                  | Str+6}
 23275 | Orc:2    | Found a staircase to the Elven Halls.
 23287 | Orc:2    | Found Yxefarph Xeuz's Jewellery Emporium.
 23290 | Orc:1    | Noticed an orc warlord
 23299 | Orc:2    | Killed an orc warlord
 23604 | Orc:2    | Noticed Rupert
 23623 | Orc:1    | Noticed Harold
 23630 | Orc:1    | Killed Harold
 23631 | Orc:1    | Reached XP level 16. HP: 62/128 MP: 8/25
 23923 | Orc:1    | Killed Rupert
 24301 | Orc:1    | Reached skill level 5 in Evocations
 25176 | Orc:2    | Found Jor Caz's Antique Weapon Boutique.
 25179 | Orc:2    | Found Hileis's Antique Armour Shop.
 25262 | Orc:2    | Found Bowkam's Distillery.
 25296 | Orc:2    | Bought a potion of heal wounds for 75 gold pieces
 25375 | Orc:2    | Noticed Erolcha
 25383 | Orc:2    | Killed Erolcha
 25493 | Orc:2    | Found Pafocuwn's Antique Armour Emporium.
 25501 | Orc:2    | Bought an ichor-stained chain mail for 199 gold pieces
 25501 | Orc:2    | Identified the +0 chain mail of Elepp {rElec Str+4} (You
                  | bought it in a shop on level 2 of the Orcish Mines)
 26503 | D:13     | You fall into a shaft and drop 2 floors!
 26503 | D:15     | Entered Level 15 of the Dungeon
 26987 | D:14     | Found a gate to the Vaults.
 27783 | D:14     | Noticed Azrael
 27787 | D:14     | Noticed Agnes
 27792 | D:14     | Reached XP level 17. HP: 98/137 MP: 20/26
 27792 | D:14     | Killed Agnes
 27794 | D:14     | Killed Azrael
 28878 | D:15     | Identified the +6 long sword "Eteirit" {drain, Will+ Str-4
                  | Int+4}
 29031 | D:15     | Found a staircase to the Depths.
 29974 | Snake:1  | Entered Level 1 of the Snake Pit
 30012 | Snake:1  | Found Milien's Book Emporium.
 30693 | Snake:2  | Found a runed translucent door.
 30711 | Snake:2  | Noticed Tuffe's ghost (adept FoFi)
 31037 | Snake:2  | Learned a level 8 spell: Maxwell's Capacitive Coupling
 31404 | Snake:2  | Reached skill level 1 in Air Magic
 31886 | Snake:3  | Noticed Bai Suzhen
 32000 | Snake:2  | Killed Bai Suzhen
 32229 | Snake:3  | Cast into level 2 of the Abyss (salamander)
 32380 | Snake:3  | Escaped the Abyss
 32598 | Snake:3  | Reached XP level 18. HP: 126/147 MP: 27/27
 32758 | Snake:3  | Found Omopnoud's Jewellery Shoppe.
 32759 | Snake:3  | Found Qugiostabe's Assorted Antiques.
 32760 | Snake:3  | Found Oddehebu's Antique Armour Boutique.
 32764 | Snake:3  | Bought a scroll labelled VISEOZ TEIROW for 29 gold pieces
 32764 | Snake:3  | Bought a scroll of identify for 58 gold pieces
 32782 | Snake:3  | Bought a bronze chain mail for 342 gold pieces
 32782 | Snake:3  | Identified the +1 chain mail "Ututhiyg" {Drain Will+ Regen+
                  | Int+2} (You bought it in a shop on level 3 of the Snake
                  | Pit)
 32789 | Snake:3  | Bought the amulet of the Four Winds {rN+ Will+++ Clar} for
                  | 746 gold pieces
 32789 | Snake:3  | Found the amulet of the Four Winds {rN+ Will+++ Clar}
 33693 | Snake:3  | Reached skill level 15 in Fighting
 34604 | Snake:4  | Entered Level 4 of the Snake Pit
 34727 | Snake:4  | Noticed Vashnia
 34901 | Snake:4  | Noticed Aizul
 35065 | Snake:3  | Killed Aizul
 35981 | Snake:4  | Reached skill level 5 in Air Magic
 35983 | Snake:4  | Killed Vashnia
 36504 | Snake:4  | Found Ziuptoen's Neck Hole.
 36843 | Snake:4  | Bought a scarf of shadows for 204 gold pieces
 37785 | Snake:4  | Noticed Roxanne
 37931 | Snake:4  | Killed Roxanne
 38198 | Snake:4  | Reached XP level 19. HP: 130/157 MP: 22/28
 38625 | Snake:4  | Reached skill level 15 in Armour
 40388 | Snake:4  | Got a serpentine rune of Zot
 41423 | Swamp:1  | Entered Level 1 of the Swamp
 42625 | Swamp:2  | Reached skill level 15 in Long Blades
 43354 | Swamp:3  | Reached XP level 20. HP: 159/166 MP: 29/29
 43638 | Swamp:3  | Noticed Donald
 43662 | Swamp:3  | Killed Donald
 44424 | Swamp:4  | Entered Level 4 of the Swamp
 44952 | Swamp:4  | Found a frozen archway.
 44981 | IceCv    | Entered an ice cave
 45919 | IceCv    | Noticed a shard shrike
 45932 | IceCv    | Killed a shard shrike
 46377 | IceCv    | Got the Compendium of Cold
 47985 | Swamp:4  | Reached XP level 21. HP: 152/172 MP: 30/30
 48046 | Swamp:4  | Got a decaying rune of Zot
 48719 | Vaults:1 | Entered Level 1 of the Vaults
 49241 | Vaults:1 | Found Ocsufi's Armour Shop.
 50574 | Vaults:2 | Noticed Margery
 50669 | Vaults:2 | Killed Margery
 51114 | Vaults:2 | Learned a level 6 spell: Statue Form
 51161 | Vaults:2 | Noticed Asterion
 51176 | Vaults:2 | Killed Asterion
 51228 | Vaults:2 | Reached skill level 1 in Earth Magic
 51880 | Vaults:2 | Reached XP level 22. HP: 109/180 MP: 31/31
 52208 | Vaults:2 | Reached skill level 15 in Dodging
 52209 | Vaults:2 | Noticed a dread lich
 52224 | Vaults:2 | Killed a dread lich
 53258 | Vaults:2 | Reached skill level 5 in Earth Magic
 53606 | Vaults:2 | Found a staircase to the Crypt.
 54555 | Vaults:3 | Reached XP level 23. HP: 189/189 MP: 32/32
 55165 | Vaults:3 | Found a transporter.
 55184 | Vaults:3 | Found a transporter.
 56624 | D:2      | Bought a book of the Hunter for 260 gold pieces
 56628 | D:2      | Learned a level 3 spell: Portal Projectile
 57054 | D:8      | Killed bilbop's ghost
 57064 | D:8      | Identified the amulet "Weojin" {Acrobat +Inv Regen+}
 57600 | D:2      | Bought 23 bolts for 59 gold pieces
 58470 | Vaults:4 | Reached skill level 1 in Crossbows
 58482 | Vaults:4 | Identified the +7 dire flail "Hellblazer" {protect, rF++
                  | Will- Int+4}
 58529 | Vaults:4 | Reached skill level 1 in Hexes
 58539 | Vaults:4 | Reached skill level 1 in Translocations
 58563 | Vaults:4 | Reached skill level 2 in Crossbows
 58600 | Vaults:4 | Reached skill level 3 in Crossbows
 59063 | Vaults:4 | Reached skill level 4 in Crossbows
 59248 | Vaults:4 | Found a portal to a secret trove of treasure.
 59456 | Vaults:4 | Got Koviucvy's Further Steps in Spellcraft
 59609 | Vaults:4 | Reached skill level 5 in Crossbows
 60349 | Vaults:4 | Found a gateway to a bazaar.
 60354 | Bazaar   | Entered a bazaar
 60356 | Bazaar   | Found Anyajal's Weapon Boutique.
 60360 | Bazaar   | Found Abusk's Armour Boutique.
 60361 | Bazaar   | Found Mamushrew's General Store.
 60361 | Bazaar   | Found Gohyuke's Weapon Boutique.
 60371 | Bazaar   | Bought 2 potions of heal wounds for 120 gold pieces
 60386 | Bazaar   | Bought the Collected Works on Sinister Rites for 528 gold
                  | pieces
 61141 | Elf:1    | Entered Level 1 of the Elven Halls
 61161 | Elf:1    | Reached skill level 6 in Crossbows
 61165 | Elf:1    | Reached skill level 5 in Hexes
 61788 | Elf:1    | Reached skill level 7 in Crossbows
 61788 | Elf:1    | Reached XP level 24. HP: 197/197 MP: 32/32
 61886 | Elf:1    | Found Elimegu's Weapon Boutique.
 62436 | Elf:2    | Reached skill level 8 in Crossbows
 62450 | Elf:2    | Found Cismac's General Store.
 62676 | Elf:2    | Reached skill level 9 in Crossbows
 62766 | Elf:2    | Found a runed translucent gate.
 62766 | Elf:2    | Found a runed translucent gate.
 62767 | Elf:2    | Found a runed translucent gate.
 62988 | Elf:2    | Reached skill level 10 in Crossbows
 63591 | Elf:2    | Reached skill level 11 in Crossbows
 63946 | Elf:3    | Entered Level 3 of the Elven Halls
 64167 | Elf:2    | Reached skill level 12 in Crossbows
 64829 | Elf:2    | Reached skill level 13 in Crossbows
 65116 | Elf:2    | Reached XP level 25. HP: 99/203 MP: 28/32
 66020 | Elf:3    | Reached skill level 14 in Crossbows
 66112 | Elf:3    | Got the Disquisition on Arcane Weapons and Companions
 66353 | Elf:3    | Identified the +7 short sword "Siygh" {drain, Fly Int+4}
 66353 | Elf:3    | Identified the ring of Reimbursement {rElec rPois rN+++
                  | Will- rCorr Int-4}
 66537 | Elf:3    | Found the +3 hat of Pondering {ponderous, Will+ MP+10
                  | Int+5}
 66552 | Elf:3    | Got the Disquisition on Battle Magic and Shape Shifting
 66553 | Elf:3    | Identified the ring "Syst" {rF+ rC- EV+4 Slay+2 SInv}
 66578 | Elf:3    | Got the Tome of Dusty Companions
 66598 | Elf:3    | Identified the -4 pair of gloves of the Clam {Will+ SInv}
 66603 | Elf:3    | Identified the ring of Sinwone {Ice Str+3 Int+3 SInv}
 66692 | Elf:3    | Learned a level 2 spell: Sublimation of Blood
 67474 | Vaults:3 | Identified the +2 pair of gloves of Rotation {Contam rF+
                  | rCorr}
 67475 | Vaults:3 | Upgraded the game from 0.27-a0-1456-gf5a116941d to
                  | 0.27-a0-1500-g450c7e4133
 67646 | Crypt:1  | Entered Level 1 of the Crypt
 67714 | Crypt:1  | Reached skill level 15 in Crossbows
 69166 | Crypt:2  | Reached skill level 16 in Crossbows
 69175 | Crypt:2  | Noticed Xtahua
 69178 | Crypt:2  | Killed Xtahua
 70072 | Crypt:3  | Entered Level 3 of the Crypt
 70422 | Crypt:3  | Reached skill level 17 in Crossbows
 70958 | Crypt:3  | Reached XP level 26. HP: 115/210 MP: 32/32
 71424 | Crypt:3  | Identified the ring of Renoh {rC+ Dex+6}
 71446 | Crypt:3  | Identified the ring "Tonaoxav" {rN+ SInv}
 71446 | Crypt:3  | Identified the ring of the Exiled Youths {*Corrode rPois
                  | rC+ rN+ Str+2}
 71654 | Crypt:3  | Found a staircase to the Tomb.
 71969 | Crypt:3  | Noticed an ancient lich
 71974 | Crypt:3  | Killed an ancient lich
 71975 | Crypt:3  | Reached skill level 18 in Crossbows
 72353 | Crypt:3  | Noticed a curse toe
 72356 | Crypt:3  | Killed a curse toe
 72381 | Crypt:3  | Acquired a +0 double sword of holy wrath
 72401 | Crypt:3  | Found the +8 Vampire's Tooth {vamp}
 72862 | Vaults:5 | Entered Level 5 of the Vaults
 73617 | Vaults:5 | Reached skill level 19 in Crossbows
 73710 | Vaults:5 | Identified the +1 chain mail "Kidghibeg" {Slay+5}
 73832 | Vaults:5 | Got a silver rune of Zot
 74058 | Vaults:5 | Reached XP level 27. HP: 197/216 MP: 32/32
 74126 | Vaults:5 | Identified the +5 robe of Soft the Leaf {Rampage rC-
                  | Archmagi}
 74572 | Vaults:5 | Found Doguoxt's Weapon Boutique.
 74797 | Vaults:5 | Noticed a dread lich
 74799 | Vaults:5 | Killed a dread lich
 74803 | Vaults:5 | Reached skill level 20 in Crossbows
 74936 | Vaults:5 | Noticed Frederick
 74939 | Vaults:5 | Killed Frederick
 75163 | Vaults:5 | Noticed a dread lich
 75167 | Vaults:5 | Killed a dread lich
 75846 | Vaults:5 | Found the +9 sword of Zonguldrok {reap}
 75856 | Vaults:5 | Identified the ring of the Amoeba {Wiz rPois Str+4}
 75860 | Vaults:5 | Got Gaocs's Tome of Mutagenic Orientation
 75909 | Vaults:5 | Found the +7 Kryia's mail coat {PotionHeal*2 rC+}
 76580 | Snake:3  | Bought shiny ice dragon scales for 2268 gold pieces
 76967 | Vaults:4 | You paid a toll of +2 ice dragon scales to enter a treasure
                  | trove
 76968 | Trove    | Entered a treasure trove
 76985 | Trove    | Identified the ring of Molirrod {Dex+6 SInv}
 76988 | Trove    | Identified the ring of Free Will {Wiz rPois Will+}
 77680 | Depths:1 | Entered Level 1 of the Depths
 77838 | Depths:1 | You fall into a shaft and drop 1 floor!
 78130 | Depths:1 | Found a gateway to a ziggurat.
 78245 | Depths:1 | Reached skill level 21 in Crossbows
 78339 | Depths:1 | Noticed Mara
 78343 | Depths:1 | Noticed hatdisgam's illusion
 78348 | Depths:1 | Killed Mara
 78565 | Depths:1 | Reached skill level 10 in Evocations
 78589 | Depths:1 | Identified the ring "Kadop" {Ice Int+5}
 78658 | Depths:1 | Found a sparkling altar of Nemelex Xobeh.
 78833 | Depths:1 | Found a one-way gate leading to the halls of Pandemonium.
 79049 | Depths:1 | Found a gateway to Hell.
 79205 | Depths:1 | Identified the +1 ring mail of Starshine {Fly Str+5 Int+2
                  | Dex+2}
 79210 | Depths:1 | Learned a level 3 spell: Mephitic Cloud
 80203 | Depths:2 | Got the Grimoire of Supportive Displacement
 80714 | Depths:3 | Found a burning altar of Makhleb.
 80724 | Depths:3 | Identified the +0 leather armour "Dopror" {+Inv rElec}
 80729 | Depths:3 | Identified the +8 falchion "Asumetos" {chaos, Stlth+}
 80990 | Depths:3 | Found Bufisoz's Weapon Shop.
 80993 | Depths:3 | Found Voyxik's Weapon Shop.
 80993 | Depths:3 | Found Imag's Distillery.
 80996 | Depths:3 | Found Onkuth's Book Boutique.
 81015 | Depths:3 | Bought a potion of heal wounds for 105 gold pieces
 81015 | Depths:3 | Bought a potion of heal wounds for 105 gold pieces
 81188 | Depths:3 | Reached skill level 22 in Crossbows
 81626 | Depths:4 | Found a one-way gate to the infinite horrors of the Abyss.
 82370 | Depths:5 | Entered Level 5 of the Depths
 82771 | Depths:5 | Found a gate to the Realm of Zot.
 83033 | Depths:5 | Found Uteedghas's Book Shoppe.
 83033 | Depths:5 | Found Erphabir's General Store.
 83038 | Depths:5 | Found Waimexig's Antique Weapon Shoppe.
 83366 | Depths:5 | Found Wiwkulea's Book Boutique.
 83437 | Depths:5 | Identified the ring "Ofowi" {Fire rCorr SInv}
 83462 | Depths:5 | Identified the +4 flail of the Little People {vorpal, rF+
                  | rCorr Str+2}
 84009 | Slime:1  | Entered Level 1 of the Pits of Slime
 84358 | Slime:4  | Reached skill level 5 in Spellcasting
 84359 | Slime:4  | Reached skill level 23 in Crossbows
 84579 | Slime:5  | Entered Level 5 of the Pits of Slime
 84582 | Slime:4  | Acquired a +2 triple crossbow of flaming
 84583 | Slime:4  | Acquired the ring "Sukhid" {rF+ Will+ rCorr}
 84584 | Slime:4  | Acquired the ring of Miracles {Fly rElec Will+ Dex+3}
 84587 | Slime:4  | Acquired a +1 tower shield of reflection
 84858 | Slime:5  | Noticed the Royal Jelly
 84865 | Slime:5  | Killed the Royal Jelly
 85282 | Slime:5  | Identified the ring of Wuqyaliq {rF+ Int+6}
 85364 | Slime:5  | Identified the +1 flail of Desperation {vorpal, Stlth+}
 85388 | Slime:5  | Got a slimy rune of Zot
 85390 | Slime:5  | Got the Reference Book on Unholy Venom
 85400 | Slime:5  | Acquired 782 gold pieces
 85898 | Depths:4 | Voluntarily entered the Abyss.
 85987 | Abyss:1  | Reached skill level 1 in Transmutations
 86374 | Abyss:1  | Noticed an ancient lich
 86385 | Abyss:1  | Killed an ancient lich
 86446 | Abyss:1  | Gained mutation: You are dopey. (Int -2) [a shining eye]
 86449 | Abyss:1  | Gained mutation: You sometimes lose the ability to read
                  | scrolls when taking damage. [a shining eye]
 86555 | Abyss:1  | Found a corrupted altar of Lugonu.
 86617 | Abyss:1  | Found a corrupted altar of Lugonu.
 86624 | Abyss:2  | Found a corrupted altar of Lugonu.
 86672 | Abyss:2  | Reached skill level 10 in Earth Magic
 86716 | Abyss:2  | Found a corrupted altar of Lugonu.
 86789 | Abyss:2  | Gained mutation: You are weak. (Str -2) [a neqoxec]
 87035 | Abyss:3  | Reached skill level 24 in Crossbows
 87035 | Abyss:3  | Reached skill level 5 in Transmutations
 87058 | Abyss:3  | Found a corrupted altar of Lugonu.
 87067 | Abyss:3  | Got an abyssal rune of Zot
 87153 | Depths:4 | Escaped the Abyss
 87165 | Depths:4 | Lost mutation: You are weak. (Str -2) [potion of mutation]
 87165 | Depths:4 | Lost mutation: You are dopey. (Int -2) [potion of mutation]
 87165 | Depths:4 | Lost mutation: You sometimes lose the ability to read
                  | scrolls when taking damage. [potion of mutation]
 87165 | Depths:4 | Gained mutation: You are frail. (-10% HP) [potion of
                  | mutation]
 87165 | Depths:4 | Gained mutation: You are agile. (Dex +2) [potion of
                  | mutation]
 87166 | Depths:4 | Lost mutation: You are frail. (-10% HP) [potion of
                  | mutation]
 87166 | Depths:4 | Lost mutation: You are agile. (Dex +2) [potion of mutation]
 87166 | Depths:4 | Gained mutation: Your muscles are strong. (Str +2) [potion
                  | of mutation]
 87166 | Depths:4 | Gained mutation: You are covered in fur. (AC +1) [potion of
                  | mutation]
 87166 | Depths:4 | Gained mutation: You are strong-willed. (Will+) [potion of
                  | mutation]
 87533 | Hell     | Entered the Vestibule of Hell
 87533 | Hell     | Noticed Geryon
 89980 | Hell     | Killed Geryon
 90069 | Hell     | Found a gateway to the ashen valley of Gehenna.
 90237 | Hell     | Found a gateway to the Iron City of Dis.
 90334 | Hell     | Found a gateway to the freezing wastes of Cocytus.
 90493 | Hell     | Found a gateway to the decaying netherworld of Tartarus.
 90955 | D:6      | Killed avis's ghost
 91198 | Lair:3   | Killed Cyda Jyj's ghost
 91722 | D:2      | Bought a manual of Armour for 1120 gold pieces
 92066 | Snake:2  | Killed Tuffe's ghost
 92417 | Pan      | Entered Pandemonium
 92635 | Pan      | Reached skill level 10 in Shields
 93352 | Pan      | Found a glowing silver altar of Zin.
 93380 | Pan      | HP: 10/216 [apis (20)]
 94276 | Pan      | Reached skill level 25 in Crossbows
 94399 | Pan      | Acquired the amulet "Ylizedaz" {RegenMP rElec rC+ Will+}
 94626 | Pan      | Noticed a seraph
 94694 | Pan      | HP: 10/216 [apis (3)]
 94705 | Pan      | Mangled by an apis

Illustrated notes

Levels and vault maps discovered:
D:1:      lemuel_arrival_muddy, layout_basic, basic_ecumenical_altar
D:2:      minmay_inner_zag, layout_loops_cross, serial_shops, shop,
          nicolae_square_shop, shop, nicolae_shop_stone, nicolae_lakefront_shop,
          basic_altar, chequers_avenue
D:3:      layout_loops_cross, elyvilon_altar_3, amcnicky_altar_gilded,
          trog_wizard, uniq_grinder
D:4:      wad_pebble_path, layout_cave_pods, nicolae_overflow_crystal_walls,
          kennysheep_little_box, minmay_temple_entry_arrows, minmay_mini_jars,
          uniq_menkaure
D:5:      layout_loops_corners, lemuel_round_altar, kennysheep_generic_room_6,
          uniq_sigmund
D:6:      layout_loops_ring, gammafunk_ghost_nasty_kobolds,
          minmay_increasing_density
D:7:      layout_loops_ring, nicolae_uskayaw_dance_studio,
          makhleb_heckhound_becter, nicolae_gozag_seed_capital
D:8:      wander_river, layout_basic, nicolae_sif_muna_condensation,
          marbit_many_paths, serial_shops, shop_coins, ebering_ghost_inner_flame
D:9:      layout_loops_ring, nicolae_vehumet_radiance, zombieorc1_lemuel
D:10:     layout_loops_ring, nicolae_tso_swordbearing_angel
D:11:     layout_basic, due_lair_maze_entry_diamond, serial_shops,
          nicolae_shop_waterfront, shop, shop_fountains, nicolae_lakefront_shop
D:12:     layout_basic, small_statue_alley_a
D:13:     layout_cave_pools
D:14:     minmay_distorted_concentric_squares, layout_cave_pods,
          lightli_vaults_fourway_checkpoint, chequers_serial_rivers_small_3,
          uniq_agnes, uniq_azrael
D:15:     gammafunk_depths_entry_grave, layout_irregular_city
Temple:   kb_temple_of_zot
Lair:1:   layout_long_grid, guppyfry_lair_drakes, lemuel_fruit_tree
Lair:2:   layout_loops_ring, swamp_mist_pool, infiniplex_staircase_pool_2
Lair:3:   layout_loops_ring, gammafunk_ghost_ooze
Lair:4:   layout_big_grid, minmay_snake_entry_six_corridors, grunt_megastairs_2,
          uniq_urug, uniq_josephine
Lair:5:   minmay_lair_oklob_tunnel, layout_cave_pods, st_stairs_9,
          kilobyte_rumbling_trees, serial_bayou_shore_a
Lair:6:   wormcave, layout_hall_layers, hangedman_lair_in_review,
          minmay_slime_entry_pillars
Swamp:1:  layout_basic_swamp, nicolae_swamp_oxbows, nicolae_swamp_tree_designs
Swamp:2:  layout_basic_swamp, hangedman_swamp_pad, swamp_pool1
Swamp:3:  layout_basic_swamp, evilmike_swamp_ruin_house_4, uniq_donald
Swamp:4:  swamp_basic_johnstein, layout_basic_swamp,
          portal_ice_cave_entry_ugly_swarm, swamp_pool4
Snake:1:  layout_rooms, serial_shops, nicolae_shop_stone
Snake:2:  layout_cave_pods, gammafunk_ghost_grave,
          nicolae_snake_gridmaze_zigzag, grunt_ministairs_10, st_stairs_6,
          serial_bayou_shore_b
Snake:3:  layout_cave_pods, nicolae_wooded_promenade, grunt_megastairs_3,
          uniq_bai_suzhen
Snake:4:  grunt_snake_rune_pools, layout_misc_corridors,
          nicolae_shop_sticking_my_neck_out, uniq_vashnia, uniq_aizul,
          uniq_roxanne
Slime:1:  layout_caves
Slime:2:  cheibrodos_slime_lost_civilization_10, layout_caves
Slime:3:  layout_caves
Slime:4:  layout_caves
Slime:5
Orc:1:    layout_diamond_mine, minmay_orc_temple_a, uniq_harold
Orc:2:    grunt_orc_community_town_hall, layout_diamond_mine,
          grunt_orc_community_big_house_1, grunt_orc_community_big_house_1,
          grunt_orc_community_house_2, grunt_orc_community_house_3,
          grunt_orc_community_house_2, grunt_orc_community_house_1,
          grunt_orc_community_house_2, serial_shops, nicolae_square_shop,
          gauntlet_entry_generic, uniq_rupert, uniq_erolcha
Elf:1:    eino_elf_arrival_the_gate, layout_gridlike, serial_shops, shop,
          hangedman_elf_represent
Elf:2:    layout_gridlike, serial_shops, shop,
          nicolae_elf_glass_and_crystal_pillar_2
Elf:3:    minmay_elf_hall_x, layout_loops_cross, minmay_elf_sorcery
Vaults:1: v_misc_29, v_misc_15, hangedman_vaults_river_flow,
          ontoclasm_vaults_spin, ontoclasm_vaults_twist, layout_vaults_omnigrid,
          serial_shops, shop
Vaults:2: v_misc_3, minmay_crypt_entry_simple_walls,
          nicolae_vaults_network_square, v_misc_23, hangedman_vaults_nodes,
          hangedman_vaults_stagger, dpeg_vaults_pockets_of_resistance,
          v_pattern_5, nicolae_vaults_mini_display_case,
          layout_vaults_big_cross, infiniplex_enter_wizlab_water, uniq_asterion,
          uniq_margery
Vaults:3: v_misc_29, gammafunk_the_bubble [the_bubble_gammafunk_split],
          vaults_room_door_ring, nicolae_vaults_what_the_h,
          nicolae_vaults_little_squares_6, vaults_dpeg_ring, v_misc_30,
          vaults_dpeg_encased_lava, nicolae_vaults_big_ls, vaults_mumra_lcd,
          layout_vaults_omnibox
Vaults:4: hangedman_vaults_maws, vaults_mumra_hexcomb,
          nicolae_vaults_little_squares_2, grunt_vaults_bifocal,
          nicolae_vaults_stairing_the_circle, nicolae_vaults_little_squares_6,
          nicolae_vaults_murderbox, v_misc_19, hangedman_vaults_trim, v_misc_4,
          vaults_room_door_ring, grunt_vaults_hallway_short,
          layout_vaults_big_room, enter_trove_6, serial_shops, bzr_entry_road
Vaults:5: serial_shops, uniq_frederick
Crypt:1:  layout_rooms, grunt_crypt_arrival_split
Crypt:2:  layout_chaotic_city, uniq_xtahua
Crypt:3:  due_elkab, layout_chaotic_city
Depths:1: layout_honeycomb, enter_ziggurat_b, grunt_pan_entry_sceptre,
          grunt_hell_entry_dis_old, minivault_14, nemelex_lonely_heart_becter,
          uniq_mara
Depths:2: cheibrodos_lost_city_excavation, layout_cave_pools,
          hangedman_decor_lopped, hell_entry
Depths:3: evilmike_makhleb_hellhole, layout_gridlike, pan_entry,
          chequers_serial_rivers_marsh, grunt_mini_vestibule,
          marbit_kobold_abyss_entry, minmay_staircase_statues,
          serial_bayou_shore_b, minmay_shoptagon
Depths:4: kennysheep_ogre_elephant_herders, layout_basic, abyss_entry,
          minmay_misc_feat_roman, hell_entry
Depths:5: evilmike_zot_entry_diamond, layout_cave_pools,
          kennysheep_pointless_box, hell_entry, serial_shops, shop,
          minmay_shop_star
Hell
Pan:      evilmike_holy_pan

Skill      XL: |  1  2  3  4  5  6  7  8  9 10 11 12 13 14 15 16 17 18 19 20 21 22 23 24 25 26 27 |
---------------+----------------------------------------------------------------------------------+-----
Long Blades    | 3 4 5 6 7 9 10 12 13 14 15 18 20 | 20.0
Dodging        | 2 3 4 5 7 9 11 12 14 15 16 17 | 17.8
Fighting       | 5 7 9 10 12 13 14 15 16 17 | 17.7
Armour         | 5 7 11 13 14 15 16 17 | 17.2
Invocations    | 3 6 9 10 12 | 12.7
Shields        | 5 7 9 11 | 11.3
Spellcasting   | 1 2 4 6 |  6.6
Summonings     | 1 |  1.1
Evocations     | 4 7 9 13 | 13.1
Air Magic      | 2 6 7 9 |  9.7
Earth Magic    | 2 7 8 13 | 13.1
Crossbows      | 7 13 17 19 25 | 25.2
Hexes          | 5 6 |  6.0
Translocations | 4 |  4.5
Transmutations | 9 |  9.4
Ice Magic      | |  0.8

Action                   |  1- 3 |  4- 6 |  7- 9 | 10-12 | 13-15 | 16-18 | 19-21 | 22-24 | 25-27 || total
-------------------------+-------+-------+-------+-------+-------+-------+-------+-------+-------++-------
Melee: Long sword        |    55 |    89 |   346 |   261 |   110 |   543 |   230 |       |       ||  1634
       Scimitar          |       |       |       |   444 |   734 |       |       |       |       ||  1178
       Dagger            |       |       |       |       |    35 |       |       |       |       ||    35
       Falchion          |       |       |       |       |       |   884 |   883 |       |       ||  1767
       Demon blade       |       |       |       |       |       |       |   514 |  1026 |    91 ||  1631
       Great sword       |       |       |       |       |       |       |       |       |   178 ||   178
       Double sword      |       |       |       |       |       |       |       |       |   597 ||   597
 Fire: Heavy crossbow    |       |       |       |       |       |       |       |   177 |  1255 ||  1432
 Cast: Portal Projectile |       |       |       |       |       |       |       |     2 |     7 ||     9
Invok: Slouch            |       |       |       |       |     5 |    18 |     5 |    10 |    36 ||    74
       Step From Time    |       |       |       |       |       |       |     1 |     1 |     3 ||     5
 Abil: Dig               |       |       |     3 |     2 |    10 |     6 |     1 |       |     2 ||    24
       Shaft Self        |       |       |       |     2 |       |       |       |       |       ||     2
Evoke: Wand              |       |       |       |     3 |     2 |     4 |     6 |       |     1 ||    16
       Lightning rod     |       |       |       |       |     4 |     8 |       |       |       ||    12
       Condenser vane    |       |       |       |       |       |     2 |       |       |     1 ||     3
       Box of beasts     |       |       |       |       |       |       |       |       |     1 ||     1
       Phial of floods   |       |       |       |       |       |       |       |       |     1 ||     1
       Phantom mirror    |       |       |       |       |       |       |       |       |     1 ||     1
  Use: Potion            |       |     1 |     3 |       |     2 |     3 |     2 |     2 |    46 ||    59
       Scroll            |       |       |       |    11 |    11 |     4 |     8 |       |    14 ||    48
 Stab: Distracted        |       |       |     2 |     2 |       |       |       |       |     2 ||     6
       Invisible         |       |       |       |       |     8 |       |       |       |       ||     8
Armor: Scale mail        |    28 |    45 |   145 |   133 |    69 |       |       |       |       ||   420
       Plate armour      |       |       |       |    25 |    90 |   317 |   264 |   199 |   143 ||  1038
       Chain mail        |       |       |       |       |       |       |       |       |   287 ||   287
Dodge: Dodged            |    27 |    44 |   228 |   238 |   371 |   770 |   847 |   713 |  1594 ||  4832
Block: Kite shield       |     1 |       |       |   419 |   892 |  1306 |  1003 |   842 |  1550 ||  6013
       Tower shield      |       |       |       |    46 |       |       |       |       |       ||    46
       Reflection        |       |       |       |    12 |     3 |    85 |       |       |       ||   100
       Rpst.: Long sword |     7 |    12 |    50 |    33 |    25 |    60 |    19 |       |       ||   206
       Scimitar          |       |       |       |    35 |    69 |       |       |       |       ||   104
       Falchion          |       |       |       |       |       |    72 |    72 |       |       ||   144
       Demon blade       |       |       |       |       |       |       |    45 |   107 |    20 ||   172
       Great sword       |       |       |       |       |       |       |       |       |    28 ||    28
       Double sword      |       |       |       |       |       |       |       |       |   113 ||   113

Table legend: (Time is in decaauts)
 A = Elapsed time spent in this place.
 B = Non-inter-level travel time spent in this place.
 C = Inter-level travel time spent in this place.
 D = Time resting spent in this place.
 E = Time spent auto-exploring this place.
 F = Levels seen in this place.
 G = Mean time per level.
                   A        B        C        D        E       F      G
               +--------+--------+--------+--------+--------+-----+--------+
         Total | 134569 | 115155 |  19414 |  18455 |  78553 |  63 | 2136.0 |
       Dungeon |  31435 |  23940 |   7495 |   2553 |  18459 |  15 | 2095.7 |
        Temple |    153 |     90 |     63 |      0 |     88 |   1 |  153.0 |
          Lair |  15795 |  11866 |   3929 |    548 |   9887 |   6 | 2632.5 |
         Swamp |   7185 |   6653 |    532 |    526 |   5079 |   4 | 1796.2 |
     Snake Pit |  14558 |  12578 |   1980 |   3631 |   6968 |   4 | 3639.5 |
    Slime Pits |   1800 |   1738 |     62 |    971 |     18 |   5 |  360.0 |
  Orcish Mines |   3896 |   3130 |    766 |    471 |   1899 |   2 | 1948.0 |
   Elven Halls |   8518 |   8023 |    495 |   1431 |   5136 |   3 | 2839.3 |
        Vaults |  21193 |  18607 |   2586 |   2708 |  13279 |   5 | 4238.6 |
         Crypt |   7428 |   7161 |    267 |   1171 |   4719 |   3 | 2476.0 |
        Depths |  13168 |  11973 |   1195 |   2394 |   8171 |   5 | 2633.6 |
          Hell |   1165 |   1124 |     41 |     47 |    814 |   1 | 1165.0 |
         Abyss |   1915 |   1915 |      0 |     21 |   1027 |   4 |  478.8 |
   Pandemonium |   2833 |   2833 |      0 |   1252 |   1058 |   1 | 2833.0 |
        Bazaar |     69 |     69 |      0 |      0 |     55 |   1 |   69.0 |
         Trove |     77 |     77 |      0 |      0 |      9 |   1 |   77.0 |
      Ice Cave |   2694 |   2694 |      0 |    498 |   1688 |   1 | 2694.0 |
      Gauntlet |    677 |    677 |      0 |    231 |    194 |   1 |  677.0 |
               +--------+--------+--------+--------+--------+-----+--------+

Top non-repeatable levels by time:
Vaults:2: 5302 daAuts
 Snake:3: 5073 daAuts
 Snake:4: 4718 daAuts
Vaults:3: 4434 daAuts
Depths:5: 4252 daAuts
   Elf:2: 4070 daAuts
Vaults:4: 4004 daAuts
Vaults:1: 3730 daAuts
 Crypt:3: 3721 daAuts
Vaults:5: 3721 daAuts
  Lair:5: 3281 daAuts
     D:9: 3281 daAuts
 Snake:2: 3192 daAuts
    D:11: 3132 daAuts
Depths:1: 3120 daAuts
